 Dungeon Crawl Stone Soup version 0.24-a0-539-g6aae15eeb0 (webtiles) character file.

Game seed: 10916298814921005755

1693 MordorOrchid the Ruffian (level 8, -4/61 HPs)
             Began as a Minotaur Necromancer on Aug 17, 2019.
             Was a Follower of Cheibriados.
             Slain by an orc warrior
             ... wielding a +0 glaive
              (11 damage)
             ... on level 7 of the Dungeon.
             The game lasted 00:47:19 (6383 turns).

MordorOrchid the Ruffian (Minotaur Necromancer)     Turns: 6383, Time: 00:47:20

Health: -4/61      AC:  2    Str: 16    XL:     8   Next: 72%
Magic:  12/13      EV: 14    Int: 16    God:    Cheibriados [*.....]
Gold:   389        SH:  5    Dex: 14    Spells: 3/15 levels left

rFire    . . .     SeeInvis .     - Unarmed
rCold    . . .     Gourm    .   i - +0 buckler
rNeg     + . .     Faith    .   e - +0 robe {rN+}
rPois    .         Spirit   .   (helmet restricted)
rElec    .         Reflect  .   (no cloak)
rCorr    .         Harm     .   (no gloves)
MR       .....                  (no boots)
Stlth    ++........             (no amulet)
HPRegen  0.20/turn              t - +2 ring of dexterity
MPRegen  0.13/turn              (no ring)

@: very slightly contaminated, invisible, very slow
A: retaliatory headbutt, horns 2
a: Bend Time, Renounce Religion


You were on level 7 of the Dungeon.
You worshipped Cheibriados.
Cheibriados was aware of your devotion.
You were not hungry.

You visited 1 branch of the dungeon, and saw 7 of its levels.
You also visited: Sewer.

You collected 389 gold pieces.

Inventory:

Hand Weapons
 g - a +0 short sword
 j - a +0 hunting sling
 G - a +1 trident of pain
Missiles
 h - 115 stones
 n - 69 arrows
 r - 20 bolts
 s - 2 boomerangs (quivered)
 z - 5 javelins
 H - a boomerang of dispersal
Armour
 a - a +0 robe
 b - a cursed +0 ring mail
 e - a +0 robe of positive energy (worn)
 i - a +0 buckler (worn)
 m - a +0 shield
 F - a +0 scale mail of poison resistance
Jewellery
 t - a +2 ring of dexterity (left hand)
 B - a +3 ring of dexterity
Scrolls
 d - 6 scrolls of teleportation
 f - 4 scrolls of remove curse
 l - 2 scrolls of noise {unknown}
 p - a scroll of magic mapping {unknown}
 u - a scroll of fog
 v - a scroll of fear
 y - a scroll of amnesia {unknown}
 E - a scroll of enchant weapon {unknown}
Potions
 k - 3 potions of flight
 q - a potion of brilliance
 w - 2 potions of agility
 x - a potion of cancellation
 A - a potion of might {unknown}
 D - a potion of lignification {unknown}
Comestibles
 c - 7 rations


   Skills:
 - Level 2.1 Fighting
 * Level 1.1 Armour
 * Level 4.2 Dodging
 - Level 1.5 Stealth
 - Level 4.0 Shields
 * Level 5.7 Unarmed Combat
 - Level 4.0 Spellcasting
 * Level 1.5 Hexes
 * Level 0.6 Charms
 * Level 4.2 Necromancy
 - Level 2.0 Transmutations
 * Level 0.8 Invocations


You had 3 spell levels left.
You knew the following spells:

 Your Spells              Type           Power        Failure   Level  Hunger
a - Pain                  Necr           ###.         3%          1    None
b - Beastly Appendage     Tmut           #.....       8%          1    None
k - Regeneration          Chrm/Necr      ##........   19%         3    ###....
s - Sticks to Snakes      Tmut           #.......     11%         2    ##.....
u - Animate Skeleton      Necr           N/A          3%          1    None
v - Vampiric Draining     Necr           ###.......   9%          3    ###....
A - Confusing Touch       Hex            #.....       9%          1    None

Your spell library contained the following spells:

 Spells                   Type           Power        Failure   Level  Hunger
 Confuse                  Hex            #.......     26%         3    ###....
 Spider Form              Tmut/Pois      #.........   32%         3    ###....
 Gell's Gravitas          Tloc           #.........   45%         3    ###....
 Animate Dead             Necr           N/A          28%         4    ####...
 Ice Form                 Ice/Tmut       #.......     73%         4    ####...
 Petrify                  Tmut/Erth      #.......     73%         4    ####...
 Blade Hands              Tmut           #.........   90%         5    ######.
 Yara's Violent Unravell  Hex/Tmut       #.........   92%         5    ######.
 Metabolic Englaciation   Hex/Ice        #.........   98%         5    ######.


Dungeon Overview and Level Annotations

Branches:
Dungeon (7/15)             Temple (0/1) D:6

Altars:
Ashenzari
Cheibriados
Vehumet
Wu Jian
Zin

Annotations:
D:2 2 transporters
D:3 exclusion: skeleton


Innate Abilities, Weirdness & Mutations

You reflexively headbutt those who attack you in melee.
You have a pair of horns on your head.


Message History

Unknown command.
You fade into invisibility!
You are very lightly contaminated with residual magic.
Unknown command.
You hit the orc warrior but do no damage.
The orc warrior appears confused.
You headbutt the orc warrior, but do no damage.
The orc warrior is moderately wounded.
You strike the helpless orc warrior from behind!
You hit the orc warrior.
The orc warrior is heavily wounded.
The orc warrior completely misses you.
You hit the orc warrior.
The orc warrior is heavily wounded.
You block the orc warrior's attack.
You hit the orc warrior but do no damage.
You headbutt the orc warrior, but do no damage.
The orc warrior is heavily wounded.
The orc warrior hits you with a +0 glaive!
You die...

#.# ####.# #.#### #
#.#####.# #.......#
##.###### #.# #.#
#.#####.#######
#..........)..#
######.@o####.#
...).)......#.## ###
##.#...........###.....
#.#####............. #.
#.....###..### #.
#..........#
#.....###.## #....(#
........


You could see an orc warrior (confused).

Vanquished Creatures
  2 sky beasts
  A phantom (D:4)
  2 ogres (D:4)
  A centaur (D:6)
  3 bullfrogs
  2 scorpions
  A howler monkey (D:6)
  3 crimson imps
  A hound (D:4)
  2 bullfrog skeletons
  2 orc wizards (D:4)
  An iron imp (D:5)
  Jessica (D:2)
  3 worker ants
  Robin (D:2)
  3 gnolls (D:6)
  A river rat (D:3)
  7 adders
  A shadow imp (D:6)
  4 oozes (Sewer)
  9 worms
  A dart slug (D:1)
  2 leopard geckos (D:3)
  14 orcs
  2 ball pythons
  5 bats
  8 giant cockroaches
  16 goblins
  10 hobgoblins
  18 jackals
  8 kobolds
  3 quokkas
  8 frilled lizards
  A leopard gecko skeleton (D:4)
  A leopard gecko zombie (D:5)
  9 rats
157 creatures vanquished.

Vanquished Creatures (collateral kills)
  An ice beast (D:6)
  A bullfrog (D:6)
  A centaur skeleton (D:6)
  2 iguanas
  A worm (D:2)
  4 leopard geckos
  3 orcs
  A giant cockroach (D:4)
  A jackal (D:6)
15 creatures vanquished.

Grand Total: 172 creatures vanquished

Notes
Turn   | Place    | Note
-------+----------+-------------------------------------------
     0 | D:1      | MordorOrchid the Minotaur Necromancer began the quest for
                  | the Orb.
     0 | D:1      | Reached XP level 1. HP: 14/14 MP: 1/1
   165 | D:1      | Learned a level 1 spell: Animate Skeleton
   292 | D:1      | Reached skill level 1 in Armour
   327 | D:1      | Reached skill level 1 in Unarmed Combat
   327 | D:1      | Reached XP level 2. HP: 18/20 MP: 3/3
   342 | D:1      | Reached skill level 1 in Shields
   876 | D:2      | Noticed Jessica
   885 | D:2      | Killed Jessica
   885 | D:2      | Reached skill level 1 in Fighting
   885 | D:2      | Reached skill level 2 in Unarmed Combat
   885 | D:2      | Reached XP level 3. HP: 17/28 MP: 0/4
   984 | D:2      | Found an ornate altar of the Wu Jian Council.
   986 | D:2      | Reached XP level 4. HP: 7/36 MP: 1/5
  1156 | D:2      | Found a radiant altar of Vehumet.
  1210 | D:2      | Noticed Robin
  1266 | D:2      | Killed Robin
  1400 | D:1      | Learned a level 3 spell: Vampiric Draining
  1417 | D:2      | Found a transporter.
  1418 | D:2      | Noticed an orc warrior
  1418 | D:2      | Noticed a hungry ghost
  1447 | D:2      | Found a transporter.
  1869 | D:3      | Reached XP level 5. HP: 27/41 MP: 6/6
  1874 | D:3      | Reached skill level 3 in Unarmed Combat
  1977 | D:3      | Learned a level 1 spell: Beastly Appendage
  2129 | D:3      | Found a faded altar of an unknown god.
  2268 | D:3      | Found a glowing drain.
  2307 | Sewer    | Entered a sewer
  2720 | Sewer    | Reached XP level 6. HP: 36/48 MP: 3/8
  3348 | D:4      | Reached skill level 4 in Unarmed Combat
  3348 | D:4      | Reached skill level 1 in Transmutations
  3616 | D:4      | Learned a level 2 spell: Sticks to Snakes
  3694 | D:4      | Learned a level 1 spell: Confusing Touch
  3719 | D:5      | Entered Level 5 of the Dungeon
  3741 | D:5      | Noticed a two-headed ogre
  3835 | D:5      | Noticed a sky beast
  3942 | D:4      | Reached XP level 7. HP: 39/55 MP: 3/9
  4909 | D:5      | Found a snail-covered altar of Cheibriados.
  4933 | D:5      | Became a worshipper of Cheibriados the Contemplative
  5113 | D:5      | Learned a level 3 spell: Regeneration
  5169 | D:6      | Reached skill level 1 in Hexes
  5262 | D:6      | Reached XP level 8. HP: 61/61 MP: 11/11
  5666 | D:6      | Reached skill level 5 in Unarmed Combat
  5701 | D:6      | Reached * piety under Cheibriados
  5810 | D:6      | Found a glowing silver altar of Zin.
  5910 | D:5      | Found a shattered altar of Ashenzari.
  5971 | D:6      | Found a staircase to the Ecumenical Temple.
  6383 | D:7      | Slain by an orc warrior

Levels and vault maps discovered:
D:1:      lemuel_arrival_behind_the_door_large, layout_rooms
D:2:      layout_basic, vehumet_crystals, gammafunk_temple_overflow_arena,
          grunt_ministairs_15, uniq_jessica, uniq_robin
D:3:      layout_loops_cross, gup_sewer_entry_bubbles,
          chequers_ecumenical_altar_simple, minmay_joined_circles
D:4:      layout_loops_cross, first_ration, minmay_goblin_kobold_house
D:5:      layout_rooms, slow_altar_2, basic_altar, minmay_starry_boxes
D:6:      layout_basic, marbit_many_paths, minmay_temple_entry_glassed_door
D:7:      layout_loops_ring, nemelex_xobeh_ov_fountains_minmay,
          grunt_temple_overflow_growth_and_decay, grunt_ogre_cave,
          grunt_decor_resistance, uniq_duvessa

Skill      XL: |  1  2  3  4  5  6  7  8 |
---------------+-------------------------+-----
Armour         | 1 |  1.1
Unarmed Combat | 1 2 3 4 5 |  5.7
Shields        | 2 3 4 |  4.0
Fighting       | 1 2 |  2.1
Necromancy     | 3 4 |  4.2
Spellcasting   | 2 3 4 |  4.0
Transmutations | 1 2 |  2.0
Dodging        | 3 4 |  4.2
Hexes          | 1 |  1.5
Stealth        | |  1.5
Charms         | |  0.6
Invocations    | |  0.8

Action                   |  1- 3 |  4- 6 |  7- 9 || total
-------------------------+-------+-------+-------++-------
Melee: Short sword       |    40 |    10 |       ||    50
       Headbutt          |     9 |    27 |    39 ||    75
       Unarmed           |       |   198 |   169 ||   367
       Kick              |       |       |     6 ||     6
 Fire: Hunting sling     |       |   103 |     5 ||   108
Throw: Javelin           |       |    21 |     3 ||    24
       Boomerang         |       |    13 |     2 ||    15
 Cast: Pain              |    20 |   115 |    56 ||   191
       Animate Skeleton  |     8 |    37 |    14 ||    59
       Vampiric Draining |       |     3 |     5 ||     8
       Confusing Touch   |       |       |     5 ||     5
       Beastly Appendage |       |       |     3 ||     3
       Regeneration      |       |       |     1 ||     1
  Use: Potion            |     3 |     8 |     3 ||    14
       Scroll            |     2 |     3 |     3 ||     8
 Stab: Sleeping          |     2 |     4 |     3 ||     9
       Invisible         |       |     6 |     1 ||     7
       Confused          |       |       |     5 ||     5
  Eat: Chunk             |     1 |    15 |     5 ||    21
       Ration            |       |       |     2 ||     2
Armor: Robe              |     5 |    29 |    23 ||    57
Dodge: Dodged            |    18 |   110 |    93 ||   221
Block: Buckler           |     5 |    44 |    36 ||    85

Table legend:
 A = Non-vault XP
 B = Vault XP
 C = Vault XP percentage of total XP
 D = Non-vault monster count
 E = Vault monster count
 F = Vault count percentage of total count
                 A         B        C        D         E       F
            +---------+---------+-------+---------+---------+-------
      Total |    1781 |     638 |  26.4 |     110 |      62 |  36.0
            +---------+---------+-------+---------+---------+-------
        D:1 |      35 |       3 |   7.9 |      13 |       2 |  13.3
        D:2 |      46 |      76 |  62.3 |      12 |      13 |  52.0
        D:3 |      45 |     113 |  71.5 |      23 |      18 |  43.9
        D:4 |     727 |     118 |  14.0 |      27 |       1 |   3.6
        D:5 |     140 |     123 |  46.8 |       9 |       3 |  25.0
        D:6 |     743 |     127 |  14.6 |      23 |       1 |   4.2
        D:7 |      45 |       0 |   0.0 |       3 |       0 |   0.0
      Sewer |       0 |      78 | 100.0 |       0 |      24 | 100.0
            +---------+---------+-------+---------+---------+-------
